Patriotes vs Punishers

Created - February 10, 2019 at 20:45

Goals
1 2 3 T
Patriotes 1 3 0 4
Punishers 0 0 1 1
Shots
1 2 3 T
Patriotes 15 16 6 37
Punishers 3 12 8 23

1st period

1. Patriotes , Jason Zucker 42 (Tyler Randell 33, Dillon Heatherington 7) at 13:28

Penalties :
Aaron Ness (Nyc) for Hooking (Minor) at 2:07, Aaron Ness (Nyc) for Slashing (Minor) at 8:00, Justin Florek (Nyc) for Holding (Minor) at 17:38

2nd period

2. Patriotes , Jason Zucker 43 (Christian Hanson 46, Thomas Greiss) at 17:05 (PP)
3. Patriotes , Jason Zucker 44 (Christian Hanson 47, Tyler Randell 34) at 17:19
4. Patriotes , Shea Theodore 4 (Vince Hinostroza 8) at 18:32

Penalties :
Adam Pelech (Pro) for Hooking (Minor) at 3:21, Anthony Bitetto (Nyc) for Hooking (Minor) at 10:45, Colton Gillies (Pro) for Roughing (Minor) at 16:48

3rd period

5. Punishers , Lucas Lessio 2 (Robbie Earl 27) at 7:55

Penalties :
Miikka Salomaki (Pro) for Holding (Minor) at 2:24, Aleksander Barkov (Nyc) for Slashing (Minor) at 8:55, Dale Weise (Nyc) for High sticking (Minor) at 12:55, Madison Bowey (Pro) for Holding (Minor) at 18:59

Goalie Stats

Thomas Greiss (Nyc), 22 saves from 23 shots - (0.957), W, 15-14-1, 60:00 minutes
Kristers Gudlevskis (Pro), 33 saves from 37 shots - (0.892), L, 11-15-2, 60:00 minutes

Players Stats for Patriotes

Player Name              G  A  P  +/- PIM S  H  SB GA TA FO     MP     PP MP  PK MP  
------------------------------------------------------------------------------------
Aaron Ness               0  0  0   1  4   2  2  2  0  0  0/0    20:29   1:44   4:07 
Aleksander Barkov        0  0  0   0  2   0  3  0  0  0  1/3     9:42   0:00   0:00 
Anthony Bitetto          0  0  0   0  2   1  0  2  0  1  0/0    26:12   3:31   4:35 
Austin Watson            0  0  0   0  0   0  1  0  0  0  0/0     2:17   0:09   1:22 
Borna Rendulic           0  0  0   0  0   0  2  1  0  0  0/1    13:50   2:11   0:00 
Christian Hanson         0  2  2   1  0   3  1  1  1  0  17/30  21:07   2:55   3:28 
Dale Weise               0  0  0   0  2   1  0  0  0  0  0/0     9:59   0:00   0:00 
David Kolomatis          0  0  0   1  0   2  4  0  0  0  0/0    22:29   1:44   6:27 
Dillon Heatherington     0  1  1   1  0   0  0  0  0  1  0/0    14:16   0:00   2:55 
Evgeny Kuznetsov         0  0  0   0  0   5  0  0  1  0  3/11   14:13   2:11   0:23 
Jared Knight             0  0  0   1  0   0  0  0  0  0  0/1     6:05   0:00   0:00 
Jason Zucker             3  0  3   1  0   9  5  1  0  0  3/7    22:44   3:04   6:22 
Justin Florek            0  0  0   0  2   1  3  0  1  1  1/1    10:20   0:00   0:22 
Mario Lucia              0  0  0   0  0   0  0  0  0  0  0/0     0:00   0:00   0:00 
Matt Calvert             0  0  0   0  0   5  1  0  0  1  1/2    19:06   2:11   3:44 
Maxim Mamin              0  0  0   0  0   0  0  0  0  0  0/0     0:00   0:00   0:00 
Riley Barber             0  0  0   1  0   0  2  0  0  0  0/0     6:05   0:00   0:00 
Robert Baillargeon       0  0  0   0  0   0  0  0  0  0  0/0     2:33   0:00   1:53 
Ryan Fitzgerald          0  0  0   0  0   0  0  0  0  0  0/0     0:15   0:09   0:00 
Shane Sims               0  0  0   0  0   3  2  4  1  0  0/0    27:10   3:31   5:44 
Shea Theodore            1  0  1   1  0   2  0  0  1  0  0/0    10:42   0:00   0:00 
Tyler Randell            0  2  2   1  0   2  0  0  0  0  2/3    22:21   2:55   6:14 
Vince Hinostroza         0  1  1   1  0   1  1  0  0  0  0/0     6:05   0:00   0:00 

Players Stats for Punishers

Player Name              G  A  P  +/- PIM S  H  SB GA TA FO     MP     PP MP  PK MP  
------------------------------------------------------------------------------------
Adam Pelech              0  0  0  -2  2   2  3  3  0  0  0/0    30:17   6:06   2:00 
Boone Jenner             0  0  0  -1  0   5  0  0  0  0  9/25   17:57   6:40   1:03 
Carter Ashton            0  0  0   0  0   0  0  0  0  0  0/0     2:55   0:09   0:00 
Colton Gillies           0  0  0   0  2   1  4  0  0  0  1/1    20:15   5:05   0:00 
Dan Bertram              0  0  0  -2  0   0  1  0  2  0  0/0     7:46   0:00   0:00 
David Laliberté          0  0  0   0  0   1  3  0  1  1  0/1    21:31   5:05   1:03 
Dylan DeMelo             0  0  0   0  0   1  1  0  0  2  0/0    12:13   0:19   1:06 
Garret Ross              0  0  0  -2  0   0  1  0  0  0  0/0     7:46   0:00   0:00 
John Macfarland          0  0  0   0  0   0  0  0  0  0  1/1     1:29   0:00   1:17 
Jordan Schmaltz          0  0  0  -2  0   2  2  5  0  0  0/0    27:29   6:05   2:56 
Lucas Lessio             1  0  1   1  0   2  1  1  0  0  0/0    10:51   0:00   1:02 
Madison Bowey            0  0  0  -1  2   0  2  5  0  0  0/0    25:47   5:36   1:43 
Mattias Tedenby          0  0  0  -3  0   6  2  0  1  1  1/2    25:51   6:43   3:10 
Michael Joly             0  0  0   1  0   0  0  0  0  0  0/0     0:15   0:06   0:00 
Miikka Salomaki          0  0  0   1  2   0  1  0  0  0  0/0     9:53   0:00   0:00 
Patrick Wiercioch        0  0  0   0  0   1  0  0  0  0  0/0    23:42   5:42   2:45 
Radek Faksa              0  0  0   0  0   1  1  0  0  0  12/17  20:35   5:05   0:00 
Robbie Earl              0  1  1   0  0   1  7  0  0  1  5/10   26:33   6:43   2:55 
Tyler Bertuzzi           0  0  0   0  0   0  0  0  0  0  2/2     1:36   0:06   0:00 

3 Stars

1 - Jason Zucker (Nyc)
2 - Christian Hanson (Nyc)
3 - Thomas Greiss (Nyc)

Power Play

Patriotes - 1 on 4 Attempt(s) - 25.00%
Punishers - 0 on 6 Attempt(s) - 0.00%

Penalty Kill

Patriotes - 6 on 6 Attempt(s) - 100.00% - Score 0 goal in Penalty Kill
Punishers - 3 on 4 Attempt(s) - 75.00% - Score 0 goal in Penalty Kill

Team Stat

Patriotes - Hits : 27 - Faceoff Wins : 28 - Blocked Shots : 11 - Penalty Minutes : 12
Punishers - Hits : 29 - Faceoff Wins : 31 - Blocked Shots : 14 - Penalty Minutes : 8

Official

Referees : Unknown
Linesman : Unknown

Game Notes

Jason Zucker has scored a Hat Trick!

Finance

Level 1 -- Attendance: 1560 (78.00%) -- Ticket Income $62,400
Level 2 -- Attendance: 721 (72.10%) -- Ticket Income $14,420
Total Attendance: 2281 (76.03%)
Total Ticket Income: $76,820
Other Income: $3,841
Total Income: $80,661

Patriotes

5 vs 5 Forward 
   Center                   Left Wing                Right Wing               Time % Phy DF OF 
 1 Christian Hanson         Jason Zucker             Tyler Randell            40     1   2  2  
 2 Evgeny Kuznetsov         Matt Calvert             Borna Rendulic           30     1   2  2  
 3 Aleksander Barkov        Justin Florek            Dale Weise               20     1   2  2  
 4 Jared Knight             Vince Hinostroza         Riley Barber             10     1   2  2  

5 vs 5 Defense 
   Defense                  Defense                                           Time % Phy DF OF 
 1 Anthony Bitetto          Shane Sims                                        40     1   2  2  
 2 David Kolomatis          Aaron Ness                                        30     1   2  2  
 3 Shea Theodore            Dillon Heatherington                              20     1   2  2  
 4 Anthony Bitetto          Shane Sims                                        10     1   2  2  

PowerPlay Forward 
   Center                   Left Wing                Right Wing               Time % Phy DF OF 
 1 Christian Hanson         Jason Zucker             Tyler Randell            60     1   2  2  
 2 Evgeny Kuznetsov         Matt Calvert             Borna Rendulic           40     1   2  2  

PowerPlay Defense
   Defense                  Defense                                           Time % Phy DF OF 
 1 Anthony Bitetto          Shane Sims                                        60     1   2  2  
 2 David Kolomatis          Aaron Ness                                        40     1   2  2  

Penalty Kill 4 Players Forward 
   Center                   Wing                     Time % Phy DF OF 
 1 Jason Zucker             Tyler Randell            60     1   2  2  
 2 Matt Calvert             Christian Hanson         40     1   2  2  

Penalty Kill 4 Players Defense
   Defense                  Defense                  Time % Phy DF OF 
 1 Anthony Bitetto          Shane Sims               60     1   2  2  
 2 David Kolomatis          Aaron Ness               40     1   2  2  

Penalty Kill - 3 Players Forward 
   Forward                                           Time % Phy DF OF 
 1 Jason Zucker                                      60     1   2  2  
 2 Tyler Randell                                     40     1   2  2  

Penalty Kill - 3 Players Defense
   Defense                  Defense                  Time % Phy DF OF 
 1 Anthony Bitetto          Shane Sims               60     1   2  2  
 2 David Kolomatis          Aaron Ness               40     1   2  2  

4 vs 4 Forward 
   Center                   Wing                     Time % Phy DF OF 
 1 Jason Zucker             Tyler Randell            60     1   2  2  
 2 Matt Calvert             Christian Hanson         40     1   2  2  

4 vs 4 Defense
   Defense                  Defense                  Time % Phy DF OF 
 1 Anthony Bitetto          Shane Sims               60     1   2  2  
 2 David Kolomatis          Aaron Ness               40     1   2  2  

Last Minutes Offensive
   Center                   Left Wing                Right Wing               Defense                  Defense                  
   Christian Hanson         Jason Zucker             Tyler Randell            Anthony Bitetto          Shane Sims               

Last Minutes Defensive
   Center                   Left Wing                Right Wing               Defense                  Defense                  
   Christian Hanson         Jason Zucker             Tyler Randell            Anthony Bitetto          Shane Sims               

Goaltenders
Starting : Thomas Greiss            
Backup : Andrei Vasilevskiy       

Extra Forwards
Normal : Austin Watson, Ryan Fitzgerald, Robert Baillargeon - PP : Austin Watson, Ryan Fitzgerald - PK : Robert Baillargeon
Extra Defensemen
Normal : Shea Theodore, Dillon Heatherington, David Kolomatis - PP : Shea Theodore - PK : Dillon Heatherington, David Kolomatis
Penalty Shots
Jason Zucker, Tyler Randell, Matt Calvert, Christian Hanson, Evgeny Kuznetsov

Scratches
Emerson Etem (Healthy), Phoenix Copley (Healthy)

Punishers

5 vs 5 Forward 
   Center                   Left Wing                Right Wing               Time % Phy DF OF 
 1 Boone Jenner             Robbie Earl              Mattias Tedenby          40     1   2  2  
 2 Radek Faksa              Colton Gillies           David Laliberté          30     1   2  2  
 3 Robbie Earl              Lucas Lessio             Miikka Salomaki          20     1   2  2  
 4 Mattias Tedenby          Garret Ross              Dan Bertram              10     1   2  2  

5 vs 5 Defense 
   Defense                  Defense                                           Time % Phy DF OF 
 1 Adam Pelech              Jordan Schmaltz                                   40     1   2  2  
 2 Madison Bowey            Patrick Wiercioch                                 30     1   2  2  
 3 Dylan DeMelo             Adam Pelech                                       20     1   2  2  
 4 Jordan Schmaltz          Madison Bowey                                     10     1   2  2  

PowerPlay Forward 
   Center                   Left Wing                Right Wing               Time % Phy DF OF 
 1 Boone Jenner             Robbie Earl              Mattias Tedenby          60     1   2  2  
 2 Radek Faksa              Colton Gillies           David Laliberté          40     1   2  2  

PowerPlay Defense
   Defense                  Defense                                           Time % Phy DF OF 
 1 Adam Pelech              Jordan Schmaltz                                   60     1   2  2  
 2 Madison Bowey            Patrick Wiercioch                                 40     1   2  2  

Penalty Kill 4 Players Forward 
   Center                   Wing                     Time % Phy DF OF 
 1 Robbie Earl              Mattias Tedenby          60     1   2  2  
 2 David Laliberté          Boone Jenner             40     1   2  2  

Penalty Kill 4 Players Defense
   Defense                  Defense                  Time % Phy DF OF 
 1 Adam Pelech              Jordan Schmaltz          60     1   2  2  
 2 Madison Bowey            Patrick Wiercioch        40     1   2  2  

Penalty Kill - 3 Players Forward 
   Forward                                           Time % Phy DF OF 
 1 Robbie Earl                                       60     1   2  2  
 2 Mattias Tedenby                                   40     1   2  2  

Penalty Kill - 3 Players Defense
   Defense                  Defense                  Time % Phy DF OF 
 1 Adam Pelech              Jordan Schmaltz          60     1   2  2  
 2 Madison Bowey            Patrick Wiercioch        40     1   2  2  

4 vs 4 Forward 
   Center                   Wing                     Time % Phy DF OF 
 1 Robbie Earl              Mattias Tedenby          60     1   2  2  
 2 David Laliberté          Boone Jenner             40     1   2  2  

4 vs 4 Defense
   Defense                  Defense                  Time % Phy DF OF 
 1 Adam Pelech              Jordan Schmaltz          60     1   2  2  
 2 Madison Bowey            Patrick Wiercioch        40     1   2  2  

Last Minutes Offensive
   Center                   Left Wing                Right Wing               Defense                  Defense                  
   Boone Jenner             Robbie Earl              Mattias Tedenby          Adam Pelech              Jordan Schmaltz          

Last Minutes Defensive
   Center                   Left Wing                Right Wing               Defense                  Defense                  
   Boone Jenner             Robbie Earl              Mattias Tedenby          Adam Pelech              Jordan Schmaltz          

Goaltenders
Starting : Kristers Gudlevskis      
Backup : Louis Domingue           

Extra Forwards
Normal : Carter Ashton, Tyler Bertuzzi, John Macfarland - PP : Carter Ashton, Tyler Bertuzzi - PK : John Macfarland
Extra Defensemen
Normal : Dylan DeMelo, Patrick Wiercioch, Adam Pelech - PP : Dylan DeMelo - PK : Patrick Wiercioch, Adam Pelech
Penalty Shots
Robbie Earl, Mattias Tedenby, David Laliberté, Boone Jenner, Colton Gillies

Scratches
Trevor Van Riemsdyk (Left Hand Injury), Zack Hamill (Strained Right Elbow Injury), Daniel Altshuller (Healthy)

% Time on Ice - Patriotes

Lines # - Real PCT - Wanted PCT - Time Play
Normal Forward
1 - 33% - 40% - 13:58
2 - 31% - 30% - 13:11
3 - 22% - 20% - 9:37
4 - 14% - 10% - 6:05
Normal Defense
1 - 39% - 40% - 16:52
2 - 33% - 30% - 14:14
3 - 25% - 20% - 10:42
4 - 2% - 10% - 1:03
PP Forward
1 - 58% - 60% - 3:04
2 - 42% - 40% - 2:11
PP Defense
1 - 67% - 60% - 3:31
2 - 33% - 40% - 1:44
PK Forward
1 - 69% - 60% - 8:10
2 - 31% - 40% - 3:44
PK Defense
1 - 48% - 60% - 5:44
2 - 52% - 40% - 6:10
PK3 Forward
1 - 0% - 60%
2 - 0% - 40%
PK3 Defense
1 - 0% - 60%
2 - 0% - 40%
44 Forward
1 - 0% - 60%
2 - 0% - 40%
44 Defense
1 - 0% - 60%
2 - 0% - 40%
Last Minute Offensive  - 0:00
Last Minute Defensive  - 0:00
Total
Forward - 60:00
Defense - 60:00

% Time on Ice - Punishers

Lines # - Real PCT - Wanted PCT - Time Play
Normal Forward
1 - 23% - 40% - 9:53
2 - 36% - 30% - 15:23
3 - 23% - 20% - 9:49
4 - 18% - 10% - 7:46
Normal Defense
1 - 37% - 40% - 15:48
2 - 34% - 30% - 14:40
3 - 22% - 20% - 9:19
4 - 7% - 10% - 3:04
PP Forward
1 - 57% - 60% - 6:49
2 - 43% - 40% - 5:05
PP Defense
1 - 53% - 60% - 6:18
2 - 47% - 40% - 5:36
PK Forward
1 - 80% - 60% - 4:12
2 - 20% - 40% - 1:03
PK Defense
1 - 57% - 60% - 2:58
2 - 43% - 40% - 2:17
PK3 Forward
1 - 0% - 60%
2 - 0% - 40%
PK3 Defense
1 - 0% - 60%
2 - 0% - 40%
44 Forward
1 - 0% - 60%
2 - 0% - 40%
44 Defense
1 - 0% - 60%
2 - 0% - 40%
Last Minute Offensive  - 0:00
Last Minute Defensive  - 0:00
Total
Forward - 60:00
Defense - 60:00

Play-by-Play

1st period


0:01 of 1st period - Christian Hanson wins face-off versus Boone Jenner in neutral zone.
0:12 of 1st period - Snap shot by Jason Zucker.
0:12 of 1st period - Stopped by Kristers Gudlevskis without a rebound.
0:13 of 1st period - Evgeny Kuznetsov wins face-off versus Radek Faksa in Punishers zone.
0:20 of 1st period - Snap shot by Evgeny Kuznetsov.
0:20 of 1st period - Stopped by Kristers Gudlevskis with a rebound.
0:22 of 1st period - Snap shot by Matt Calvert.
0:22 of 1st period - Shot Misses the Net.
0:24 of 1st period - Slapshot by Aaron Ness.
0:24 of 1st period - Stopped by Kristers Gudlevskis with a rebound.
0:45 of 1st period - Wrist shot by Jared Knight.
0:45 of 1st period - Shot Misses the Net.
0:47 of 1st period - Slapshot by Shea Theodore.
0:47 of 1st period - Shot Blocked by Madison Bowey.
0:49 of 1st period - Slapshot by Riley Barber.
0:49 of 1st period - Shot Misses the Net.
0:51 of 1st period - Slapshot by Dillon Heatherington.
0:51 of 1st period - Shot Misses the Net.
1:01 of 1st period - Christian Hanson is hit by Robbie Earl and loses puck.
1:22 of 1st period - Garret Ross is hit by Aleksander Barkov and loses puck.
1:41 of 1st period - Robbie Earl is hit by Borna Rendulic and loses puck.
1:52 of 1st period - Wrist shot by Evgeny Kuznetsov.
1:52 of 1st period - Stopped by Kristers Gudlevskis without a rebound.
1:53 of 1st period - Christian Hanson wins face-off versus Robbie Earl in Punishers zone.
1:54 of 1st period - Snap shot by Jason Zucker.
1:54 of 1st period - Shot Misses the Net.
2:07 of 1st period - Minor Penalty to Aaron Ness for Hooking.
2:08 of 1st period - Robbie Earl wins face-off versus Jason Zucker in Patriotes zone.
2:21 of 1st period - Snap shot by Robbie Earl.
2:21 of 1st period - Shot Blocked by Shane Sims.
2:51 of 1st period - Dillon Heatherington is hit by Radek Faksa and loses puck.
4:02 of 1st period - David Laliberté is hit by David Kolomatis and loses puck.
4:07 of 1st period - Penalty to Aaron Ness is over, Aaron Ness is back on ice.
4:26 of 1st period - Jordan Schmaltz is hit by Austin Watson and loses puck.
4:39 of 1st period - Anthony Bitetto is hit by Dan Bertram and loses puck.
4:50 of 1st period - Slapshot by Shane Sims.
4:50 of 1st period - Stopped by Kristers Gudlevskis without a rebound.
4:51 of 1st period - Tyler Bertuzzi wins face-off versus Aleksander Barkov in Punishers zone.
4:58 of 1st period - Slapshot by Dan Bertram.
4:58 of 1st period - Shot Misses the Net.
5:18 of 1st period - Borna Rendulic is hit by Lucas Lessio and loses puck.
5:36 of 1st period - Off-side.
5:37 of 1st period - Radek Faksa wins face-off versus Jason Zucker in neutral zone.
5:47 of 1st period - Wrist shot by Tyler Randell.
5:47 of 1st period - Stopped by Kristers Gudlevskis with a rebound.
5:55 of 1st period - Icing by Tyler Randell.
5:56 of 1st period - Christian Hanson wins face-off versus Boone Jenner in Patriotes zone.
6:21 of 1st period - Slapshot by Jason Zucker.
6:21 of 1st period - Stopped by Kristers Gudlevskis with a rebound.
6:31 of 1st period - Snap shot by Jason Zucker.
6:31 of 1st period - Stopped by Kristers Gudlevskis with a rebound.
6:33 of 1st period - Snap shot by Anthony Bitetto.
6:33 of 1st period - Shot Blocked by Adam Pelech.
6:39 of 1st period - Wrist shot by Tyler Randell.
6:39 of 1st period - Shot Misses the Net.
6:41 of 1st period - Slapshot by Tyler Randell.
6:41 of 1st period - Stopped by Kristers Gudlevskis with a rebound.
6:49 of 1st period - Backhand shot by Christian Hanson.
6:49 of 1st period - Shot Misses the Net.
7:01 of 1st period - Shane Sims is hit by Colton Gillies and loses puck.
7:18 of 1st period - Snap shot by Tyler Randell.
7:18 of 1st period - Shot Misses the Net.
7:38 of 1st period - Wrist shot by Jason Zucker.
7:38 of 1st period - Deflect By Tyler Randell.
7:38 of 1st period - Shot Blocked by Adam Pelech.
7:38 of 1st period - Puck is out of play.
7:39 of 1st period - Robbie Earl wins face-off versus Evgeny Kuznetsov in Punishers zone.
7:44 of 1st period - Wrist shot by Robbie Earl.
7:44 of 1st period - Stopped by Thomas Greiss with a rebound.
7:46 of 1st period - Slapshot by Madison Bowey.
7:46 of 1st period - Shot Blocked by Aaron Ness.
7:48 of 1st period - Slapshot by Madison Bowey.
7:48 of 1st period - Shot Blocked by Aaron Ness.
8:00 of 1st period - Minor Penalty to Aaron Ness for Slashing.
8:01 of 1st period - Matt Calvert wins face-off versus Boone Jenner in Patriotes zone.
8:54 of 1st period - Icing by David Laliberté.
8:55 of 1st period - Justin Florek wins face-off versus Boone Jenner in Punishers zone.
8:56 of 1st period - Wrist shot by Evgeny Kuznetsov.
8:56 of 1st period - Stopped by Kristers Gudlevskis with a rebound.
10:00 of 1st period - Penalty to Aaron Ness is over, Aaron Ness is back on ice.
10:43 of 1st period - Carter Ashton is hit by Matt Calvert and loses puck.
11:12 of 1st period - Robbie Earl is hit by Aleksander Barkov and loses puck.
11:53 of 1st period - Radek Faksa is hit by Justin Florek and loses puck.
12:12 of 1st period - Wrist shot by Christian Hanson.
12:12 of 1st period - Stopped by Kristers Gudlevskis without a rebound.
12:13 of 1st period - Robbie Earl wins face-off versus Tyler Randell in Punishers zone.
13:28 of 1st period - Wrist shot by Jason Zucker.
13:28 of 1st period - Goal by Jason Zucker - Patriotes : 1 - Punishers : 0.
13:29 of 1st period - Radek Faksa wins face-off versus Evgeny Kuznetsov in neutral zone.
13:29 of 1st period - Radek Faksa is hit by Shane Sims.
14:00 of 1st period - Adam Pelech is hit by Aaron Ness and loses puck.
14:15 of 1st period - Snap shot by Colton Gillies.
14:15 of 1st period - Stopped by Thomas Greiss without a rebound.
14:16 of 1st period - Christian Hanson wins face-off versus Boone Jenner in Patriotes zone.
14:29 of 1st period - Wrist shot by Jason Zucker.
14:29 of 1st period - Shot Misses the Net.
14:31 of 1st period - Snap shot by Christian Hanson.
14:31 of 1st period - Shot Misses the Net.
14:41 of 1st period - Robbie Earl is hit by Aleksander Barkov.
14:53 of 1st period - Slapshot by Boone Jenner.
14:53 of 1st period - Stopped by Thomas Greiss without a rebound.
14:54 of 1st period - Colton Gillies wins face-off versus Evgeny Kuznetsov in Patriotes zone.
14:55 of 1st period - Wrist shot by David Laliberté.
14:55 of 1st period - Shot Blocked by Borna Rendulic.
15:01 of 1st period - Wrist shot by Matt Calvert.
15:01 of 1st period - Stopped by Kristers Gudlevskis without a rebound.
15:02 of 1st period - Radek Faksa wins face-off versus Evgeny Kuznetsov in Punishers zone.
15:30 of 1st period - David Kolomatis is hit by Jordan Schmaltz and loses puck.
15:53 of 1st period - Slapshot by Matt Calvert.
15:53 of 1st period - Deflect By Adam Pelech.
15:53 of 1st period - Shot Misses the Net.
15:53 of 1st period - Puck is out of play.
15:54 of 1st period - Boone Jenner wins face-off versus Christian Hanson in Punishers zone.
16:05 of 1st period - Mattias Tedenby is hit by Jason Zucker.
16:56 of 1st period - Icing by David Laliberté.
16:57 of 1st period - Christian Hanson wins face-off versus Radek Faksa in Punishers zone.
17:02 of 1st period - Snap shot by Christian Hanson.
17:02 of 1st period - Shot Misses the Net.
17:29 of 1st period - Backhand shot by Matt Calvert.
17:29 of 1st period - Stopped by Kristers Gudlevskis with a rebound.
17:38 of 1st period - Minor Penalty to Justin Florek for Holding.
17:39 of 1st period - Radek Faksa wins face-off versus Jason Zucker in Patriotes zone.
17:49 of 1st period - Snap shot by David Laliberté.
17:49 of 1st period - Shot Blocked by Shane Sims.
18:05 of 1st period - Jason Zucker is hit by Madison Bowey and loses puck.
18:18 of 1st period - Slapshot by Matt Calvert.
18:18 of 1st period - Shot Misses the Net.
18:20 of 1st period - Slapshot by David Kolomatis.
18:20 of 1st period - Shot Misses the Net.
18:22 of 1st period - Wrist shot by Matt Calvert.
18:22 of 1st period - Shot Blocked by Madison Bowey.
18:24 of 1st period - Slapshot by David Kolomatis.
18:24 of 1st period - Stopped by Kristers Gudlevskis without a rebound.
18:25 of 1st period - Jason Zucker wins face-off versus Radek Faksa in Punishers zone.
19:38 of 1st period - Penalty to Justin Florek is over, Justin Florek is back on ice.
19:43 of 1st period - Christian Hanson is hit by Robbie Earl and loses puck.
19:50 of 1st period - Wrist shot by Matt Calvert.
19:50 of 1st period - Shot Blocked by Lucas Lessio.
Goals for this period are 1 for Patriotes vs 0 for Punishers.
Shots for this period are 15 for Patriotes vs 3 for Punishers.

2nd period


0:01 of 2nd period - Christian Hanson wins face-off versus Boone Jenner in neutral zone.
0:04 of 2nd period - Wrist shot by Shane Sims.
0:04 of 2nd period - Shot Blocked by Jordan Schmaltz.
0:27 of 2nd period - Adam Pelech is hit by Shane Sims and loses puck.
0:40 of 2nd period - Snap shot by Matt Calvert.
0:40 of 2nd period - Stopped by Kristers Gudlevskis with a rebound.
1:01 of 2nd period - Slapshot by David Kolomatis.
1:01 of 2nd period - Deflect By Patrick Wiercioch.
1:01 of 2nd period - Stopped by Kristers Gudlevskis without a rebound.
1:02 of 2nd period - Christian Hanson wins face-off versus Boone Jenner in Punishers zone.
1:03 of 2nd period - Wrist shot by Jason Zucker.
1:03 of 2nd period - Shot Blocked by Jordan Schmaltz.
1:31 of 2nd period - Borna Rendulic is hit by Colton Gillies and loses puck.
2:12 of 2nd period - Slapshot by Jared Knight.
2:12 of 2nd period - Shot Misses the Net.
2:30 of 2nd period - Off-side.
2:31 of 2nd period - Radek Faksa wins face-off versus Christian Hanson in neutral zone.
2:37 of 2nd period - Snap shot by Christian Hanson.
2:37 of 2nd period - Shot Misses the Net.
2:39 of 2nd period - Slapshot by Shane Sims.
2:39 of 2nd period - Stopped by Kristers Gudlevskis without a rebound.
2:40 of 2nd period - Boone Jenner wins face-off versus Christian Hanson in Punishers zone.
2:49 of 2nd period - Snap shot by Boone Jenner.
2:49 of 2nd period - Shot Misses the Net.
2:51 of 2nd period - Snap shot by Boone Jenner.
2:51 of 2nd period - Stopped by Thomas Greiss with a rebound.
2:53 of 2nd period - Slapshot by Jordan Schmaltz.
2:53 of 2nd period - Stopped by Thomas Greiss with a rebound.
3:21 of 2nd period - Minor Penalty to Adam Pelech for Hooking.
3:22 of 2nd period - Christian Hanson wins face-off versus Robbie Earl in Punishers zone.
3:23 of 2nd period - Snap shot by Jason Zucker.
3:23 of 2nd period - Shot Misses the Net.
5:20 of 2nd period - David Kolomatis is hit by Jordan Schmaltz and loses puck.
5:21 of 2nd period - Penalty to Adam Pelech is over, Adam Pelech is back on ice.
5:49 of 2nd period - Miikka Salomaki is hit by Riley Barber and loses puck.
6:19 of 2nd period - Icing by Radek Faksa.
6:20 of 2nd period - Radek Faksa wins face-off versus Borna Rendulic in Punishers zone.
6:29 of 2nd period - Evgeny Kuznetsov is hit by Adam Pelech and loses puck.
6:48 of 2nd period - Snap shot by Vince Hinostroza.
6:48 of 2nd period - Deflect By Jared Knight.
6:48 of 2nd period - Shot Misses the Net.
6:48 of 2nd period - Puck is out of play.
6:49 of 2nd period - Christian Hanson wins face-off versus Boone Jenner in Punishers zone.
7:36 of 2nd period - David Kolomatis is hit by Garret Ross and loses puck.
7:47 of 2nd period - Miikka Salomaki is hit by Justin Florek and loses puck.
8:16 of 2nd period - Shea Theodore is hit by Dylan DeMelo and loses puck.
8:29 of 2nd period - Snap shot by Christian Hanson.
8:29 of 2nd period - Stopped by Kristers Gudlevskis with a rebound.
8:53 of 2nd period - Wrist shot by Evgeny Kuznetsov.
8:53 of 2nd period - Stopped by Kristers Gudlevskis without a rebound.
8:54 of 2nd period - Radek Faksa wins face-off versus Christian Hanson in Punishers zone.
9:19 of 2nd period - Wrist shot by Matt Calvert.
9:19 of 2nd period - Shot Misses the Net.
9:25 of 2nd period - Evgeny Kuznetsov is hit by Robbie Earl and loses puck.
9:36 of 2nd period - Dillon Heatherington is hit by Adam Pelech and loses puck.
9:59 of 2nd period - Jason Zucker is hit by Adam Pelech and loses puck.
10:33 of 2nd period - Slapshot by Shane Sims.
10:33 of 2nd period - Shot Blocked by Jordan Schmaltz.
10:35 of 2nd period - Slapshot by Anthony Bitetto.
10:35 of 2nd period - Stopped by Kristers Gudlevskis without a rebound.
10:36 of 2nd period - Mattias Tedenby wins face-off versus Jared Knight in Punishers zone.
10:41 of 2nd period - Snap shot by Dan Bertram.
10:41 of 2nd period - Shot Blocked by Shane Sims.
10:43 of 2nd period - Slapshot by Mattias Tedenby.
10:43 of 2nd period - Stopped by Thomas Greiss with a rebound.
10:45 of 2nd period - Minor Penalty to Anthony Bitetto for Hooking.
10:46 of 2nd period - Jason Zucker wins face-off versus Boone Jenner in Patriotes zone.
10:59 of 2nd period - Shane Sims is hit by Mattias Tedenby and loses puck.
12:30 of 2nd period - Icing by David Laliberté.
12:31 of 2nd period - Jason Zucker wins face-off versus Radek Faksa in Punishers zone.
12:45 of 2nd period - Penalty to Anthony Bitetto is over, Anthony Bitetto is back on ice.
13:34 of 2nd period - Slapshot by Justin Florek.
13:34 of 2nd period - Shot Misses the Net.
13:48 of 2nd period - Snap shot by Jared Knight.
13:48 of 2nd period - Shot Misses the Net.
13:50 of 2nd period - Slapshot by Shea Theodore.
13:50 of 2nd period - Shot Blocked by Adam Pelech.
13:54 of 2nd period - Slapshot by Vince Hinostroza.
13:54 of 2nd period - Shot Misses the Net.
13:56 of 2nd period - Snap shot by Vince Hinostroza.
13:56 of 2nd period - Stopped by Kristers Gudlevskis without a rebound.
13:57 of 2nd period - Radek Faksa wins face-off versus Aleksander Barkov in Punishers zone.
13:57 of 2nd period - Radek Faksa is hit by Justin Florek.
14:07 of 2nd period - Slapshot by Colton Gillies.
14:07 of 2nd period - Deflect By David Laliberté.
14:07 of 2nd period - Shot Misses the Net.
14:07 of 2nd period - Puck is out of play.
14:08 of 2nd period - Boone Jenner wins face-off versus Christian Hanson in Patriotes zone.
14:23 of 2nd period - Slapshot by Boone Jenner.
14:23 of 2nd period - Shot Misses the Net.
14:41 of 2nd period - David Kolomatis is hit by Robbie Earl and loses puck.
14:48 of 2nd period - Snap shot by Mattias Tedenby.
14:48 of 2nd period - Stopped by Thomas Greiss with a rebound.
14:50 of 2nd period - Slapshot by Madison Bowey.
14:50 of 2nd period - Shot Misses the Net.
14:52 of 2nd period - Backhand shot by Patrick Wiercioch.
14:52 of 2nd period - Stopped by Thomas Greiss without a rebound.
14:53 of 2nd period - Christian Hanson wins face-off versus Radek Faksa in Patriotes zone.
14:53 of 2nd period - Christian Hanson is hit by David Laliberté.
14:59 of 2nd period - Snap shot by Jason Zucker.
14:59 of 2nd period - Stopped by Kristers Gudlevskis without a rebound.
15:00 of 2nd period - Radek Faksa wins face-off versus Christian Hanson in Punishers zone.
15:33 of 2nd period - Snap shot by Colton Gillies.
15:33 of 2nd period - Shot Blocked by Anthony Bitetto.
15:35 of 2nd period - Snap shot by David Laliberté.
15:35 of 2nd period - Shot Misses the Net.
15:37 of 2nd period - Snap shot by Adam Pelech.
15:37 of 2nd period - Shot Misses the Net.
15:39 of 2nd period - Slapshot by Radek Faksa.
15:39 of 2nd period - Stopped by Thomas Greiss without a rebound.
15:40 of 2nd period - Boone Jenner wins face-off versus Evgeny Kuznetsov in Patriotes zone.
15:43 of 2nd period - Snap shot by Mattias Tedenby.
15:43 of 2nd period - Stopped by Thomas Greiss without a rebound.
15:44 of 2nd period - Evgeny Kuznetsov wins face-off versus Boone Jenner in Patriotes zone.
15:49 of 2nd period - Robbie Earl is hit by David Kolomatis and loses puck.
16:16 of 2nd period - Snap shot by Jason Zucker.
16:16 of 2nd period - Stopped by Kristers Gudlevskis with a rebound.
16:18 of 2nd period - Slapshot by Aaron Ness.
16:18 of 2nd period - Stopped by Kristers Gudlevskis without a rebound.
16:19 of 2nd period - Christian Hanson wins face-off versus David Laliberté in Punishers zone.
16:22 of 2nd period - Snap shot by Christian Hanson.
16:22 of 2nd period - Stopped by Kristers Gudlevskis with a rebound.
16:24 of 2nd period - Slapshot by Anthony Bitetto.
16:24 of 2nd period - Shot Blocked by Jordan Schmaltz.
16:26 of 2nd period - Slapshot by Shane Sims.
16:26 of 2nd period - Stopped by Kristers Gudlevskis without a rebound.
16:27 of 2nd period - Radek Faksa wins face-off versus Christian Hanson in Punishers zone.
16:27 of 2nd period - Radek Faksa is hit by Jason Zucker.
16:48 of 2nd period - Minor Penalty to Colton Gillies for Roughing.
16:49 of 2nd period - Robbie Earl wins face-off versus Christian Hanson in Punishers zone.
17:03 of 2nd period - Snap shot by Jason Zucker.
17:03 of 2nd period - Shot Misses the Net.
17:05 of 2nd period - Snap shot by Jason Zucker.
17:05 of 2nd period - Goal by Jason Zucker - Patriotes : 2 - Punishers : 0.
17:06 of 2nd period - Tyler Randell wins face-off versus Robbie Earl in neutral zone.
17:19 of 2nd period - Snap shot by Christian Hanson.
17:19 of 2nd period - Deflect By Jason Zucker.
17:19 of 2nd period - Goal by Jason Zucker - Patriotes : 3 - Punishers : 0.
17:20 of 2nd period - Boone Jenner wins face-off versus Christian Hanson in neutral zone.
17:25 of 2nd period - Tyler Randell is hit by Mattias Tedenby and loses puck.
17:45 of 2nd period - Anthony Bitetto is hit by Colton Gillies and loses puck.
17:52 of 2nd period - Radek Faksa is hit by David Kolomatis and loses puck.
18:32 of 2nd period - Slapshot by Shea Theodore.
18:32 of 2nd period - Goal by Shea Theodore - Patriotes : 4 - Punishers : 0.
18:33 of 2nd period - Christian Hanson wins face-off versus Boone Jenner in neutral zone.
18:42 of 2nd period - Slapshot by Tyler Randell.
18:42 of 2nd period - Shot Blocked by Madison Bowey.
18:47 of 2nd period - Icing by Madison Bowey.
18:48 of 2nd period - Evgeny Kuznetsov wins face-off versus Boone Jenner in Punishers zone.
18:49 of 2nd period - Snap shot by Matt Calvert.
18:49 of 2nd period - Stopped by Kristers Gudlevskis with a rebound.
19:13 of 2nd period - David Laliberté is hit by Jason Zucker.
19:24 of 2nd period - Icing by Jason Zucker.
19:25 of 2nd period - Boone Jenner wins face-off versus Christian Hanson in Patriotes zone.
19:26 of 2nd period - Wrist shot by Mattias Tedenby.
19:26 of 2nd period - Stopped by Thomas Greiss with a rebound.
19:28 of 2nd period - Slapshot by Jordan Schmaltz.
19:28 of 2nd period - Shot Blocked by Shane Sims.
19:30 of 2nd period - Snap shot by Robbie Earl.
19:30 of 2nd period - Shot Blocked by Christian Hanson.
19:32 of 2nd period - Snap shot by Mattias Tedenby.
19:32 of 2nd period - Stopped by Thomas Greiss with a rebound.
19:34 of 2nd period - Snap shot by Adam Pelech.
19:34 of 2nd period - Stopped by Thomas Greiss with a rebound.
19:36 of 2nd period - Snap shot by Boone Jenner.
19:36 of 2nd period - Stopped by Thomas Greiss with a rebound.
19:38 of 2nd period - Snap shot by Jordan Schmaltz.
19:38 of 2nd period - Deflect By Shane Sims.
19:38 of 2nd period - Stopped by Thomas Greiss with a rebound.
19:40 of 2nd period - Wrist shot by Jordan Schmaltz.
19:40 of 2nd period - Deflect By Robbie Earl.
19:40 of 2nd period - Deflect By Christian Hanson.
19:40 of 2nd period - Shot Misses the Net.
19:40 of 2nd period - Puck is out of play.
19:41 of 2nd period - Boone Jenner wins face-off versus Evgeny Kuznetsov in Patriotes zone.
19:42 of 2nd period - Wrist shot by Robbie Earl.
19:42 of 2nd period - Shot Misses the Net.
19:48 of 2nd period - Mattias Tedenby is hit by Aaron Ness.
Goals for this period are 3 for Patriotes vs 0 for Punishers.
Shots for this period are 16 for Patriotes vs 12 for Punishers.

3rd period


0:01 of 3rd period - Christian Hanson wins face-off versus Boone Jenner in neutral zone.
0:12 of 3rd period - Wrist shot by Robbie Earl.
0:12 of 3rd period - Shot Blocked by Jason Zucker.
0:14 of 3rd period - Slapshot by Robbie Earl.
0:14 of 3rd period - Shot Misses the Net.
0:16 of 3rd period - Snap shot by Mattias Tedenby.
0:16 of 3rd period - Shot Misses the Net.
0:36 of 3rd period - Off-side.
0:37 of 3rd period - Christian Hanson wins face-off versus Boone Jenner in neutral zone.
0:41 of 3rd period - Slapshot by Tyler Randell.
0:41 of 3rd period - Shot Blocked by Madison Bowey.
0:43 of 3rd period - Snap shot by Jason Zucker.
0:43 of 3rd period - Stopped by Kristers Gudlevskis without a rebound.
0:44 of 3rd period - Boone Jenner wins face-off versus Christian Hanson in Punishers zone.
0:44 of 3rd period - Boone Jenner is hit by Jason Zucker.
1:39 of 3rd period - Wrist shot by Robbie Earl.
1:39 of 3rd period - Shot Misses the Net.
2:24 of 3rd period - Minor Penalty to Miikka Salomaki for Holding.
2:25 of 3rd period - Christian Hanson wins face-off versus Robbie Earl in Punishers zone.
3:25 of 3rd period - Icing by Evgeny Kuznetsov.
3:26 of 3rd period - John Macfarland wins face-off versus Evgeny Kuznetsov in Patriotes zone.
3:33 of 3rd period - Snap shot by Lucas Lessio.
3:33 of 3rd period - Stopped by Thomas Greiss with a rebound.
4:24 of 3rd period - Penalty to Miikka Salomaki is over, Miikka Salomaki is back on ice.
4:36 of 3rd period - Wrist shot by David Laliberté.
4:36 of 3rd period - Stopped by Thomas Greiss with a rebound.
4:54 of 3rd period - Slapshot by Aaron Ness.
4:54 of 3rd period - Shot Misses the Net.
5:40 of 3rd period - Slapshot by Shea Theodore.
5:40 of 3rd period - Stopped by Kristers Gudlevskis with a rebound.
5:42 of 3rd period - Backhand shot by Tyler Randell.
5:42 of 3rd period - Shot Misses the Net.
5:52 of 3rd period - Anthony Bitetto is hit by David Laliberté.
6:06 of 3rd period - David Laliberté is hit by Vince Hinostroza and loses puck.
6:11 of 3rd period - Wrist shot by Vince Hinostroza.
6:11 of 3rd period - Shot Misses the Net.
6:33 of 3rd period - Dan Bertram is hit by David Kolomatis and loses puck.
7:13 of 3rd period - Wrist shot by Aleksander Barkov.
7:13 of 3rd period - Shot Misses the Net.
7:15 of 3rd period - Slapshot by Dillon Heatherington.
7:15 of 3rd period - Shot Blocked by Madison Bowey.
7:53 of 3rd period - Wrist shot by Boone Jenner.
7:53 of 3rd period - Stopped by Thomas Greiss without a rebound.
7:54 of 3rd period - Robbie Earl wins face-off versus Christian Hanson in Patriotes zone.
7:55 of 3rd period - Snap shot by Lucas Lessio.
7:55 of 3rd period - Goal by Lucas Lessio - Patriotes : 4 - Punishers : 1.
7:56 of 3rd period - Christian Hanson wins face-off versus Boone Jenner in neutral zone.
8:21 of 3rd period - Anthony Bitetto is hit by Colton Gillies and loses puck.
8:44 of 3rd period - Dale Weise is hit by Robbie Earl and loses puck.
8:55 of 3rd period - Minor Penalty to Aleksander Barkov for Slashing.
8:56 of 3rd period - Tyler Randell wins face-off versus Boone Jenner in Patriotes zone.
9:29 of 3rd period - Slapshot by Matt Calvert.
9:29 of 3rd period - Stopped by Kristers Gudlevskis with a rebound.
10:55 of 3rd period - Penalty to Aleksander Barkov is over, Aleksander Barkov is back on ice.
11:00 of 3rd period - Slapshot by Dylan DeMelo.
11:00 of 3rd period - Stopped by Thomas Greiss without a rebound.
11:01 of 3rd period - Aleksander Barkov wins face-off versus Robbie Earl in Patriotes zone.
11:10 of 3rd period - Dale Weise is hit by Madison Bowey and loses puck.
11:32 of 3rd period - Slapshot by Dylan DeMelo.
11:32 of 3rd period - Shot Misses the Net.
11:38 of 3rd period - Radek Faksa is hit by Borna Rendulic and loses puck.
11:53 of 3rd period - Jared Knight is hit by Miikka Salomaki.
11:57 of 3rd period - Miikka Salomaki is hit by Riley Barber and loses puck.
12:55 of 3rd period - Minor Penalty to Dale Weise for High sticking.
12:56 of 3rd period - Boone Jenner wins face-off versus Jason Zucker in Patriotes zone.
12:57 of 3rd period - Wrist shot by Robbie Earl.
12:57 of 3rd period - Shot Blocked by Anthony Bitetto.
12:59 of 3rd period - Snap shot by Boone Jenner.
12:59 of 3rd period - Shot Misses the Net.
13:01 of 3rd period - Slapshot by Adam Pelech.
13:01 of 3rd period - Stopped by Thomas Greiss with a rebound.
13:03 of 3rd period - Wrist shot by Mattias Tedenby.
13:03 of 3rd period - Stopped by Thomas Greiss with a rebound.
13:43 of 3rd period - Patrick Wiercioch is hit by Christian Hanson and loses puck.
14:01 of 3rd period - Aaron Ness is hit by Robbie Earl and loses puck.
14:21 of 3rd period - Tyler Randell is hit by Robbie Earl and loses puck.
14:52 of 3rd period - Slapshot by Boone Jenner.
14:52 of 3rd period - Stopped by Thomas Greiss without a rebound.
14:53 of 3rd period - Radek Faksa wins face-off versus Matt Calvert in Patriotes zone.
14:54 of 3rd period - Snap shot by Colton Gillies.
14:54 of 3rd period - Shot Misses the Net.
14:55 of 3rd period - Penalty to Dale Weise is over, Dale Weise is back on ice.
15:00 of 3rd period - Shane Sims is hit by David Laliberté and loses puck.
15:48 of 3rd period - Icing by Matt Calvert.
15:49 of 3rd period - Tyler Bertuzzi wins face-off versus Evgeny Kuznetsov in Patriotes zone.
17:06 of 3rd period - Snap shot by Evgeny Kuznetsov.
17:06 of 3rd period - Stopped by Kristers Gudlevskis without a rebound.
17:07 of 3rd period - Radek Faksa wins face-off versus Christian Hanson in Punishers zone.
18:09 of 3rd period - Colton Gillies is hit by Jason Zucker and loses puck.
18:49 of 3rd period - Snap shot by Justin Florek.
18:49 of 3rd period - Stopped by Kristers Gudlevskis with a rebound.
18:51 of 3rd period - Snap shot by Dale Weise.
18:51 of 3rd period - Stopped by Kristers Gudlevskis with a rebound.
18:53 of 3rd period - Snap shot by Dale Weise.
18:53 of 3rd period - Shot Blocked by Jordan Schmaltz.
18:59 of 3rd period - Minor Penalty to Madison Bowey for Holding.
19:00 of 3rd period - Christian Hanson wins face-off versus Mattias Tedenby in Punishers zone.
Goals for this period are 0 for Patriotes vs 1 for Punishers.
Shots for this period are 6 for Patriotes vs 8 for Punishers.